 Dungeon Crawl Stone Soup version 0.26-a0-491-g70697cc071 (webtiles) character file.

Game seed: 9000138314471258908

178 BeastOfSaturn the Slasher (level 5, -2/40 HPs)
             Began as a Demonspawn Warper on Aug 5, 2020.
             Slain by Menkaure (9 damage)
             ... on level 4 of the Dungeon.
             The game lasted 00:07:44 (4426 turns).

BeastOfSaturn the Slasher (Demonspawn Warper)       Turns: 4426, Time: 00:07:44

Health: -2/40      AC: 14    Str: 12    XL:     5   Next: 32%
Magic:  0/8        EV:  3    Int: 15    God:
Gold:   209        SH:  0    Dex: 12    Spells: 8/8 levels left

rFire    . . .     SeeInvis .   a - +1 falchion
rCold    + . .     Faith    .   (no shield)
rNeg     . . .     Spirit   +   j - +1 plate armour
rPois    .         Reflect  .   (no helmet)
rElec    .         Harm     .   (no cloak)
rCorr    .                      (no gloves)
MR       .....                  (no boots)
Stlth    ..........             (no amulet)
HPRegen  0.13/turn              l - ring of protection from cold
MPRegen  0.22/turn              (no ring)

@: no status effects
A: slimy green scales 1, magic shield, magic regeneration
a: no special abilities


You were on level 4 of the Dungeon.
You visited 1 branch of the dungeon, and saw 4 of its levels.

You collected 209 gold pieces.

Inventory:

Hand Weapons
 a - a +1 falchion (weapon)
Missiles
 e - 5 boomerangs of dispersal (quivered)
Armour
 b - a +0 leather armour
 j - a +1 plate armour (worn)
Jewellery
 l - a ring of protection from cold (left hand)
Scrolls
 c - 2 scrolls of teleportation
 d - 3 scrolls of blinking
 f - 3 scrolls of enchant weapon
 h - a scroll of magic mapping
 m - 2 scrolls of identify
Potions
 g - 2 potions of flight
 i - 2 potions of heal wounds {unknown}
 o - a potion of degeneration {unknown}


   Skills:
 * Level 2.8 Fighting
 * Level 3.4 Long Blades
 - Level 0.8 Throwing
 * Level 2.5 Armour
 * Level 2.5 Dodging
 - Level 2.0 Spellcasting
   Level 2.6 Translocations


You had 8 spell levels left.
You didn't know any spells.
Your spell library contained the following spells:

 Spells                   Type           Power        Failure   Level
 Blink                    Tloc           N/A          100%        2
 Gell's Gravitas          Tloc           #.........   100%        3
 Lesser Beckoning         Tloc           #.........   100%        3
 Teleport Other           Tloc           #.......     100%        3
 Passage of Golubria      Tloc           N/A          100%        4


Dungeon Overview and Level Annotations

Branches:
Dungeon (4/15)
 Temple: D:4-7

Altars:
Wu Jian

Annotations:
D:4 Menkaure


Innate Abilities, Weirdness & Mutations

You are partially covered in slimy green scales. (AC +2)
When hurt, damage is shared between your health and your magic reserves.
You regenerate magic rapidly.


Message History

Menkaure is moderately damaged.
Menkaure gestures wildly while chanting.
Menkaure seems to speed up.
Okay, then.
You slash Menkaure!
Menkaure is heavily damaged.
Menkaure hits you but does no damage. x2
Your plate armour prevents you from hitting Menkaure.
Menkaure is heavily damaged.
Menkaure hits you but does no damage.
You barely miss Menkaure.
Menkaure is heavily damaged.
Menkaure completely misses you. Menkaure hits you!
* * * LOW HITPOINT WARNING * * *
Menkaure rustles in an indecipherable tongue.
Menkaure calls on the powers of darkness!
The jackal convulses!
Your body is wracked with pain!
* * * LOW HITPOINT WARNING * * *
Menkaure hits you!
You die...

###...........#
##.#.#.####.#
#######...#####...
#...................
#.######.#..#########
###.######.#..#
#........#h#..#
#.#.####.#M#..# #.#.#
#.#@#..# #.#.#
#...#..# #.#.#
#.###..# #.#.#
#......# #.#.#
##.###.##
#.#.###<..##.#
..........)..#
...####...####
......##


You could see Menkaure (fast) and a jackal.

Vanquished Creatures
  Natasha (thrice) (D:2)
  4 adders
  An ooze (D:3)
  4 worms
  A dart slug (D:3)
  A leopard gecko (D:2)
  An orc (D:4)
  A giant cockroach (D:3)
  6 goblins
  8 hobgoblins
  A jackal (D:4)
  A quokka (D:3)
  4 bats
  5 frilled lizards
  10 kobolds
  5 rats
56 creatures vanquished.

Notes
Turn   | Place    | Note
-------+----------+-------------------------------------------
     0 | D:1      | BeastOfSaturn the Demonspawn Warper began the quest for the
                  | Orb.
     0 | D:1      | Reached XP level 1. HP: 16/16 MP: 3/3
   391 | D:1      | Reached skill level 1 in Armour
   459 | D:1      | Reached skill level 2 in Long Blades
   516 | D:1      | Gained mutation: When hurt, damage is shared between your
                  | health and your magic reserves. [demonic ancestry]
   516 | D:1      | Reached XP level 2. HP: 12/22 MP: 5/5
  1525 | D:2      | Noticed Natasha
  1532 | D:2      | Killed Natasha
  1532 | D:2      | Gained mutation: You are partially covered in slimy green
                  | scales. (AC +2) [demonic ancestry]
  1532 | D:2      | Reached XP level 3. HP: 12/28 MP: 3/6
  1796 | D:2      | Noticed Natasha
  1818 | D:2      | Killed Natasha
  1818 | D:2      | Gained mutation: You regenerate magic rapidly. [demonic
                  | ancestry]
  1818 | D:2      | Reached XP level 4. HP: 8/34 MP: 2/7
  2096 | D:2      | Noticed Natasha
  2496 | D:2      | Killed Natasha
  2891 | D:2      | Reached skill level 3 in Long Blades
  3398 | D:3      | Reached XP level 5. HP: 17/40 MP: 6/8
  3607 | D:3      | Found an ornate altar of the Wu Jian Council.
  4406 | D:4      | Noticed Menkaure
  4426 | D:4      | Slain by Menkaure

Illustrated notes

Levels and vault maps discovered:
D:1:      erik_arrival_cave_to_civilisation [erik_arrival_cave_to_hall],
          layout_basic, minmay_door_square, palyth_stone_intersect
D:2:      layout_basic, uniq_natasha
D:3:      layout_basic, old_standard_altar, cheibrodos_sewer_entry_bend
D:4:      layout_loops_ring, serial_shops, shop, minmay_pentomino_pile,
          uniq_pikel, uniq_robin, uniq_crazy_yiuf_cottage, uniq_eustachio,
          uniq_menkaure

Skill      XL: |  1  2  3  4 |
---------------+-------------+-----
Armour         | 1 2 |  2.5
Long Blades    | 2 3 |  3.4
Dodging        | 2 |  2.5
Fighting       | |  2.8
Throwing       | |  0.8
Spellcasting   | |  2.0
Translocations | |  2.6

Action                   |  1- 3 |  4- 6 || total
-------------------------+-------+-------++-------
Melee: Falchion          |    89 |   173 ||   262
  Use: Potion            |     1 |     1 ||     2
       Scroll            |       |     8 ||     8
Armor: Leather armour    |    12 |       ||    12
       Plate armour      |    37 |   142 ||   179
Dodge: Dodged            |    41 |    32 ||    73
       Rpst.: Falchion   |    12 |    12 ||    24

Table legend: (Time is in decaauts)
 A = Elapsed time spent in this place.
 B = Non-inter-level travel time spent in this place.
 C = Inter-level travel time spent in this place.
 D = Time resting spent in this place.
 E = Time spent auto-exploring this place.
 F = Levels seen in this place.
 G = Mean time per level.
                   A        B        C        D        E       F      G
               +--------+--------+--------+--------+--------+-----+--------+
         Total |   4492 |   4276 |    216 |   1332 |   2390 |   4 | 1123.0 |
       Dungeon |   4492 |   4276 |    216 |   1332 |   2390 |   4 | 1123.0 |
               +--------+--------+--------+--------+--------+-----+--------+

Top non-repeatable levels by time:
     D:2: 1669 daAuts
     D:1: 1601 daAuts
     D:3: 1147 daAuts
     D:4: 73 daAuts
